 Dungeon Crawl Stone Soup version 0.19-a0-958-gd69d43c (webtiles) character file.

893 Implojin the Ruffian (level 7, 0/66 HPs)
             Began as a Troll Fighter on July 11, 2016.
             Slain by a gnoll sergeant
             ... wielding a +4 trident of venom
              (10 damage)
             ... on level 6 of the Dungeon.
             The game lasted 00:06:36 (964 turns).

Implojin the Ruffian (Troll Fighter)                 Turns: 964, Time: 00:06:37

Health: 0/66       AC:  6    Str: 30    XL:     7   Next: 78%
Magic:  6/6        EV: 10    Int:  4    God:
Gold:   53         SH:  0    Dex: 11    Spells: 0 memorised, 6 levels left

rFire  . . .     SeeInvis .     q - +0 battleaxe (vamp)
rCold  . . .     Gourm    +     a - +0 robe
rNeg   . . .     Faith    .     (shield currently unavailable)
rPois  .         Spirit   .     (helmet restricted)
rElec  .         Dismiss  .     h - +0 cloak
rCorr  .         Reflect  .     (gloves unavailable)
SustAt .         Harm     .     (boots unavailable)
MR     .....                    (no amulet)
Stlth  +.........               (no ring)
                                (no ring)

@: mighty, lethally poisoned (0 -> -24), not resistant to hostile enchantments,
very unstealthy
A: unfitting armour, claws 3, fast metabolism 3, gourmand, regeneration 2,
shaggy fur 1, tough skin 2
a: no special abilities


You were on level 6 of the Dungeon.
You were not hungry.

You visited 1 branch of the dungeon, and saw 6 of its levels.
You also visited: Sewer.

You collected 53 gold pieces.

Inventory:

Hand Weapons
 q - a +0 vampiric battleaxe (weapon)
Missiles
 l - 2 throwing nets (quivered)
Armour
 a - a +0 robe (worn)
 b - a +0 shield
 h - a +0 cloak (worn)
Scrolls
 e - a scroll of remove curse {unknown}
 i - a scroll of identify {unknown}
 o - a scroll of recharging {unknown}
 p - a scroll of immolation {unknown}
Potions
 f - 2 potions of flight {unknown}
 g - a potion of invisibility {unknown}
 k - a potion of brilliance {unknown}
 n - 2 potions of heal wounds {unknown}
 s - a potion of agility
 t - a potion of curing {unknown}
Comestibles
 d - 3 bread rations
 j - a beef jerky
 m - 4 fruits
 r - a slice of pizza


   Skills:
 - Level 2.4 Fighting
 * Level 4.8 Axes
 - Level 2.4 Dodging
 - Level 2.4 Shields
 - Level 6.8 Unarmed Combat


You had 6 spell levels left.
You didn't know any spells.

Dungeon Overview and Level Annotations

Branches:
Dungeon (6/15)
 Temple: D:4-7

Altars:
Dithmenos
Qazlal
Ru
Sif Muna
Uskayaw
Vehumet
The Shining One


Innate Abilities, Weirdness & Mutations

You are too large for most types of armour.
You have claws for hands.
Your metabolism is lightning-fast.
You like to eat raw meat.
You heal very quickly.
You are covered in fur. (AC +1)
You have very tough skin. (AC +2)


Message History

You see here a gnoll corpse.
You barely miss the centaur. The centaur hits you.
The gnoll hits you from afar with a spear.
The centaur hits you.
You hit the centaur.
You feel better.
The centaur is lightly wounded.
The centaur barely misses you. The centaur closely misses you.
The gnoll sergeant hits you from afar with a trident of venom.
You are poisoned.
You slice the centaur!!
You kill the centaur!
You feel sick.
The gnoll sergeant hits you from afar with a trident of venom!
* * * LOW HITPOINT WARNING * * *
Unknown command.
The gnoll sergeant hits you with a trident of venom.
* * * LOW HITPOINT WARNING * * *
You are more poisoned.
The gnoll hits you but does no damage.
Things that are here:
an uncursed shortbow; 6 arrows Unknown command.
You hit the gnoll sergeant.
You feel better.
The gnoll sergeant is moderately wounded.
You feel sick.
The gnoll sergeant hits you with a trident of venom!
* * * LOW HITPOINT WARNING * * *
You are lethally poisoned!
The gnoll barely misses you.
Unknown command.
You closely miss the gnoll sergeant.
The gnoll sergeant is moderately wounded.
* * * LOW HITPOINT WARNING * * *
You feel very sick.
The gnoll sergeant hits you with a trident of venom.
* * * LOW HITPOINT WARNING * * *
You are more poisoned.
The gnoll closely misses you.
The gnoll sergeant hits you with a trident of venom!
You die...

#....
#.#.##
#....# #
#....#
#.##...#
#c..gg##
#....##g##
...# #g#
## #@# #†#
#(# #.#
#.# #..
###


You could see a gnoll sergeant and 3 gnolls.

Vanquished Creatures
  Menkaure (D:5)
  Edmund (D:4)
  A centaur (D:6)
  A big kobold (Sewer)
  3 wights (D:4)
  A howler monkey (D:5)
  2 centaur zombies (D:5)
  A centaur skeleton (D:4)
  An orc wizard (D:4)
  2 worker ants (D:4)
  A river rat (Sewer)
  9 adders
  5 gnolls
  An ooze (D:3)
  2 giant geckos
  6 orcs
  A giant cockroach (D:2)
  3 goblins (D:2)
  A hobgoblin (D:1)
  6 jackals
  7 kobolds
  A quokka (D:2)
  A quokka skeleton (D:4)
  A quokka zombie (D:5)
  9 rats
68 creatures vanquished.

Notes
Turn   | Place    | Note
-------+----------+-------------------------------------------
     0 | D:1      | Implojin the Troll Fighter began the quest for the Orb.
     0 | D:1      | Reached XP level 1. HP: 22/22 MP: 0/0
   103 | D:2      | Reached XP level 2. HP: 26/29 MP: 1/1
   107 | D:2      | Reached skill level 3 in Unarmed Combat
   110 | D:2      | Reached XP level 3. HP: 36/36 MP: 2/2
   222 | D:2      | Found a deep blue altar of Sif Muna.
   256 | D:2      | Found a hide-covered altar of Uskayaw.
   257 | D:2      | Found a sacrificial altar of Ru.
   257 | D:2      | Found a shadowy altar of Dithmenos.
   258 | D:2      | Found a glowing golden altar of the Shining One.
   258 | D:2      | Found a radiant altar of Vehumet.
   273 | D:2      | Reached skill level 4 in Unarmed Combat
   285 | D:2      | Reached XP level 4. HP: 18/44 MP: 3/3
   314 | D:4      | Found a stormy altar of Qazlal.
   395 | D:4      | Noticed Edmund
   408 | D:4      | Reached skill level 5 in Unarmed Combat
   408 | D:4      | Reached XP level 5. HP: 39/50 MP: 4/4
   409 | D:4      | Killed Edmund
   409 | D:4      | Reached skill level 6 in Unarmed Combat
   410 | D:4      | Reached XP level 6. HP: 45/59 MP: 5/5
   427 | D:4      | Reached skill level 1 in Axes
   444 | D:5      | Entered Level 5 of the Dungeon
   536 | D:4      | Reached skill level 2 in Axes
   559 | D:3      | Found a glowing drain.
   608 | Sewer    | Entered a sewer
   651 | Sewer    | Reached skill level 3 in Axes
   651 | Sewer    | Reached XP level 7. HP: 55/66 MP: 6/6
   854 | D:5      | Noticed Menkaure
   869 | D:5      | Killed Menkaure
   869 | D:5      | Reached skill level 4 in Axes
   869 | D:5      | HP: 3/66 [centaur zombie (1)]
   964 | D:6      | Slain by a gnoll sergeant

Vault maps used:
D:1:      erik_arrival_cave_to_civilisation
D:2:      xom_redecorated, grunt_temple_overflow_open, uniq_natasha
D:3:      nemelex_xobeh_ov_fountains_minmay, gup_sewer_entry_glass,
          minmay_misc_feat_plants
D:4:      kennysheep_ying_yang, nicolae_overflow_hidden_temple, uniq_edmund
D:5:      first_bread, uniq_menkaure, uniq_prince_ribbit1
D:6:      overflow_temple_1_default, uniq_eustachio, uniq_duvessa
Sewer:    sewer_minmay_treatment

Skill      XL: |  1  2  3  4  5  6  7 |
---------------+----------------------+-----
Unarmed Combat | 3 4 5 6 |  6.8
Axes           | 3 4 |  4.8
Fighting       | |  2.4
Dodging        | |  2.4
Shields        | |  2.4

Action                   |  1- 3 |  4- 6 |  7- 9 || total
-------------------------+-------+-------+-------++-------
Melee: Unarmed           |    61 |    86 |       ||   147
       Battleaxe         |       |     8 |    69 ||    77
  Use: Potion            |       |     1 |     2 ||     3
  Eat: Chunk             |     3 |     6 |     3 ||    12
Armor: Robe              |    43 |    29 |    32 ||   104
Dodge: Dodged            |    40 |    37 |    64 ||   141
Block: Shield            |    47 |    24 |       ||    71

Table legend:
 A = Turns spent in this place as a percentage of turns spent in the entire game.
 B = Non-inter-level travel turns spent in this place as a percentage of non-inter-level travel turns spent in the entire game.
 C = Inter-level travel turns spent in this place as a percentage of turns spent in this place.
 D = Turns resting spent in this place as a percentage of non-inter-level travel turns spent in this place.
 E = Turns spent auto-exploring this place as a percentage of non-inter-level travel turns spent in this place.
 F = Non-inter-level travel turns spent in this place divided by the number of levels of this place that you've seen.
                   A       B       C       D       E      F
               +-------+-------+-------+-------+-------+----------------------
         Total | 100.0 | 100.0 |   0.0 |   0.0 |   0.0 | 135.6
       Dungeon |  83.5 |  83.5 |   0.0 |   0.0 |   0.0 | 132.0
         Sewer |  16.5 |  16.5 |   0.0 |   0.0 |   0.0 | 157.0
               +-------+-------+-------+-------+-------+----------------------

Table legend:
 A = Kills in this place as a percentage of kills in entire the game.
 B = Kills by you in this place as a percentage of kills by you in the entire game.
 C = Kills by friends in this place as a percentage of kills by friends in the entire game.
 D = Other kills in this place as a percentage of other kills in the entire game.
 E = Experience gained in this place as a percentage of experience gained in the entire game.
 F = Experience gained in this place divided by the number of levels of this place that you have seen.
                   A       B       C       D       E      F
               +-------+-------+-------+-------+-------+----------------------
         Total | 100.0 | 100.0 |  -nan |  -nan | 100.0 | 182.4
       Dungeon |  79.4 |  79.4 |  -nan |  -nan |  90.0 | 191.5
         Sewer |  20.6 |  20.6 |  -nan |  -nan |  10.0 | 128.0
               +-------+-------+-------+-------+-------+----------------------
